 Dungeon Crawl Stone Soup version 0.30-a0-782-ge64f9170bb (webtiles) character file.

Game seed: 4140412198368657841

7 Jane the Ducker (level 1, 0/10 HPs)
             Began as a Felid Chaos Knight on Feb 22, 2023.
             Was a Plaything of Xom.
             Frozen to death by an endoplasm (3 damage)
             ... on level 1 of the Dungeon.
             The game lasted 00:01:19 (347 turns).

Jane the Ducker (Felid Chaos Knight)                 Turns: 347, Time: 00:01:20

Health: 0/10       AC:  1    Str:  8    XL:     1   Next: 91%
Magic:  2/2        EV: 18    Int: 13    God:    Xom [..*...]
Gold:   35         SH:  0    Dex: 15    Spells: 0/0 levels left
                                        Lives:  0   Deaths: 0

rFire   . . .      SeeInvis +      - Unarmed
rCold   . . .      Faith    .    (shield unavailable)
rNeg    . . .      Spirit   .    (body armour unavailable)
rPois   .          Reflect  .    (helmet unavailable)
rElec   .          Harm     .    (cloak unavailable)
rCorr   .          Rampage  .    (gloves unavailable)
Will    .....                    (boots unavailable)
Stlth   +                        (no amulet)
HPRegen 0.21/turn                (no ring)
MPRegen 0.08/turn                (no ring)

@: quick
A: very small, claws 1, fangs 3, see invisible, speed 1, shaggy fur 1, stealthy
paws, no weapons or thrown items, no armour, multi-lived
a: Renounce Religion


You were on level 1 of the Dungeon.
You worshipped Xom.
You were a toy of Xom.
You visited 1 branch of the dungeon, and saw 1 of its levels.

You collected 35 gold pieces.

Inventory:

Scrolls
 b - a scroll of torment {unknown}
 c - a scroll of poison {unknown}
Potions
 d - a potion of ambrosia {unknown}
Miscellaneous
 a - a piece from Xom's chessboard (15/15) (quivered)


   Skills:
 - Level 3.0 Fighting
 * Level 4.1 Dodging
 - Level 3.0 Unarmed Combat


You couldn't memorise any spells.
You didn't know any spells.
Your spell library contained the following spells:

 Spells                   Type           Power      Damage    Failure   Level
 Kiss of Death            Conj/Necr      0%         2d5       30%         1
 Poisonous Vapours        Pois/Air       0%         N/A       43%         2
 Death's Door             Necr           0%         N/A       100%        9


Dungeon Overview and Level Annotations

Branches:
Dungeon (1/15)

Altars:


Innate Abilities, Weirdness & Mutations

You have sharp claws.
You have razor-sharp teeth.
You have supernaturally acute eyesight. (SInv)
You cover ground quickly. (Speed+)
You are covered in fur. (AC +1)
Your paws help you pounce on unaware monsters.
You are incapable of wielding weapons or throwing items.
You cannot wear armour.
You gain extra lives every three experience levels.


Message History

Your piece from Xom's chessboard (15/15) falls out of your pack, then immediately jumps back in!
A giant cockroach comes into view.
Found a robe.
A giant cockroach is nearby!
The giant cockroach completely misses you.
The giant cockroach barely misses you.
You scratch the giant cockroach.
You kill the giant cockroach!
Your Dodging skill increases to level 4!
A rat comes into view.
Found Dazonal's Octavo of Stormy Left-Handed Rituals.
A rat is nearby!
Found a viscous sapphire potion.
The rat barely misses you.
You closely miss the rat. Your bite misses the rat. The rat barely misses you.
You scratch the rat.
You kill the rat!
You pick up Dazonal's Octavo of Stormy Left-Handed Rituals and begin reading...
You add the spells Kiss of Death, Poisonous Vapours and Death's Door to your library.
d - a viscous sapphire potion You open the door.
A bat and an endoplasm come into view.
The endoplasm quivers.
Found 5 stones.
An endoplasm comes into view.
Found 5 gold pieces.
The bat hits you.
There is an open door here.
The bat misses you. The bat hits you.
You see here 5 stones.
The bat misses you.
The endoplasm jiggles.
The endoplasm freezes you.
You are frozen.
Ouch! That really hurt!
* * * LOW HITPOINT WARNING * * *
The bat completely misses you. The endoplasm freezes you.
You are frozen.
You die...
Xom yawns loudly!

#.##.#.# #.....
#.##.#...
....$+##.##.##.##.#..
#......#.##.##.# .#
.. #......+.......#
.[ . #.....J#.##.####
.. #......#.......#
#.....b+.......#
..#....@J#.......#
........('.[.....#
..########.......#
..............#######
....................#
....................#
....................#
........#####.......#
######### #.......#


You could see 2 endoplasms and a bat.

Vanquished Creatures
  An endoplasm (D:1)
  A giant cockroach (D:1)
  2 goblins (D:1)
  A hobgoblin (D:1)
  A rat (D:1)
6 creatures vanquished.

Notes
Turn   | Place    | Note
-------+----------+-------------------------------------------
     0 | D:1      | Jane the Felid Chaos Knight began the quest for the Orb.
     0 | D:1      | Reached XP level 1. HP: 10/10 MP: 2/2
    60 | D:1      | Noticed an electric eel
    85 | D:1      | XOM: potion effect (might)
   286 | D:1      | XOM: silly message
   298 | D:1      | Reached skill level 4 in Dodging
   314 | D:1      | Got Dazonal's Octavo of Stormy Left-Handed Rituals
   347 | D:1      | Frozen to death by an endoplasm

Illustrated notes

Levels and vault maps discovered:
D:1:      arrival_aquarium_a, layout_basic, shapermc_ecumenical_altar_notcrosses

Skill      XL: |  1 |
---------------+----+-----
Dodging        | 4 |  4.1
Fighting       | |  3.0
Unarmed Combat | |  3.0

Action                     || total
---------------------------++-------
  Melee: Unarmed           ||     8
    Use: Potion            ||     1
  Dodge: Dodged            ||    10

Table legend: (Time is in decaauts)
 A = Elapsed time spent in this place.
 B = Non-inter-level travel time spent in this place.
 C = Inter-level travel time spent in this place.
 D = Time resting spent in this place.
 E = Time spent auto-exploring this place.
 F = Levels seen in this place.
 G = Mean time per level.
                   A        B        C        D        E       F      G
               +--------+--------+--------+--------+--------+-----+--------+
         Total |    287 |    285 |      2 |     30 |     12 |   1 |  287.0 |
       Dungeon |    287 |    285 |      2 |     30 |     12 |   1 |  287.0 |
               +--------+--------+--------+--------+--------+-----+--------+

Top non-repeatable levels by time:
     D:1: 287 daAuts
